 Dungeon Crawl Stone Soup version 0.18.1-8-gdd0e5ea (webtiles) character file.

753 tyrsky the Digger (level 7, -3/36 HPs)
             Began as a Gargoyle Earth Elementalist on May 25, 2016.
             Slain by a wyvern zombie (11 damage)
             ... on level 6 of the Dungeon.
             The game lasted 00:17:56 (4640 turns).

tyrsky the Digger (Gargoyle Earth Elementalist)     Turns: 4640, Time: 00:17:57

Health: -3/36      AC: 10    Str: 11    XL:     7   Next: 78%
Magic:  6/14       EV: 12    Int: 18    God:
Gold:   205        SH:  0    Dex: 10    Spells: 3 memorised, 7 levels left

rFire  . . .     SeeInvis .     j - +1 flail (crush)
rCold  . . .     Gourm    .     a - +0 robe
rNeg   + . .     Faith    .     (no shield)
rPois  ∞         Spirit   .     z - +0 helmet
rElec  +         Dismiss  .     (no cloak)
rCorr  .         Reflect  .     n - +0 pair of gloves
SustAt .         Harm     .     h - +1 pair of boots
MR     .....                    (no amulet)
Stlth  ++........               (no ring)
                                (no ring)

@: not resistant to hostile enchantments, unstealthy
A: negative energy resistance 1, electricity resistance, unbreathing,
petrification resistance, rot immunity, AC +4
a: no special abilities


You were on level 6 of the Dungeon.
You were very hungry.

You visited 1 branch of the dungeon, and saw 6 of its levels.

You collected 205 gold pieces.

Inventory:

Hand Weapons
 f - a +1 whip
 j - a +1 flail of crushing (weapon)
 y - a -1 whip
Missiles
 b - 343 stones (quivered)
Armour
 a - a +0 robe (worn)
 h - a +1 pair of boots (worn)
 n - a +0 pair of gloves (worn)
 z - a +0 helmet (worn)
Wands
 C - a wand of random effects (31/48)
 D - a wand of flame (1/48)
Scrolls
 e - a scroll of fog
 i - 2 scrolls of amnesia
 l - a scroll of enchant armour
 p - a scroll of enchant weapon
 s - 3 scrolls of remove curse
 u - a scroll of teleportation
 A - 2 scrolls of identify {@*1}
Potions
 g - 2 potions of might
 m - 2 potions of heal wounds {unknown}
 q - 4 potions of curing
 r - a potion of lignification {unknown}
 t - a potion of cure mutation {unknown}
 v - a potion of berserk rage {unknown}
 x - a potion of flight {unknown}
 B - a potion of brilliance {unknown}
Books
 c - a book of Geomancy

   Spells                             Type                      Level
   a - Sandblast                      Earth                        1
   b - Passwall                       Transmutation/Earth          2
   c - Stone Arrow                    Conjuration/Earth            3
   d - Petrify                        Transmutation/Earth          4
   e - Lee's Rapid Deconstruction     Earth                        5
Comestibles
 d - 3 bread rations
 k - 2 meat rations
 w - 2 beef jerkies


   Skills:
 - Level 1.5 Dodging
 - Level 2.1 Stealth
 * Level 5.2 Spellcasting
 - Level 3.5 Conjurations
   Level 0.7 Transmutations
 + Level 7.3 Earth Magic


You had 7 spell levels left.
You knew the following spells:

 Your Spells              Type           Power        Failure   Level  Hunger
a - Sandblast             Erth           ####..       1%          1    None
b - Stone Arrow           Conj/Erth      ###...       4%          3    ##.....
c - Lee's Rapid Deconstr  Erth           ####......   21%         5    ######.


Dungeon Overview and Level Annotations

Branches:
Dungeon (6/15)
 Temple: D:4-7

Altars:
Okawaru
The Shining One

Annotations:
D:6 exclusion: killer bee


Innate Abilities, Weirdness & Mutations

You are resistant to torment.
Your stone body is resilient (AC +4).
You are immune to poison.
You resist negative energy.
You are resistant to electric shocks.
You can survive without breathing.
You are immune to petrification.
You are immune to rotting.


Message History

The blast of sand hits the wyvern zombie.
The wyvern zombie bites you.
* * * LOW HITPOINT WARNING * * *
The wyvern zombie misses you.
Casting: Sandblast
Confirm with . or Enter, or press ? or * to list all spells.
Aiming: Sandblast
Press: ? - help, Shift-Dir - straight line, f/p - wyvern zombie
Aim: a wyvern zombie The blast of sand hits the wyvern zombie.
The wyvern zombie bites you.
* * * LOW HITPOINT WARNING * * *
Casting: Sandblast
Confirm with . or Enter, or press ? or * to list all spells.
Aiming: Sandblast
Press: ? - help, Shift-Dir - straight line, f/p - wyvern zombie
Aim: a wyvern zombie The blast of sand hits the wyvern zombie.
The wyvern zombie bites you!
You die...

#.... #..8 #...
#.. #.. #.# #Z#
#9# #.#
#.########### ####
#...........###...
########....##....
#....##..##
#....##..#
#.......##
#.......###


You could see a wyvern zombie.

Vanquished Creatures
  Duvessa (D:4)
  An ogre (D:4)
  A necrophage (D:5)
  Dowan (D:4)
  A crimson imp (D:5)
  A giant frog zombie (D:5)
  A centaur skeleton (D:6)
  2 iguanas
  A worker ant (D:5)
  A hound skeleton (D:4)
  10 gnolls
  4 adders
  An ooze (D:3)
  An adder zombie (D:6)
  An adder skeleton (D:6)
  2 dart slugs (D:1)
  2 worms (D:4)
  4 giant geckos
  10 orcs
  6 giant cockroaches
  3 hobgoblins (D:1)
  8 jackals
  3 quokkas
  A ball python (D:1)
  7 bats
  A giant newt (D:3)
  3 goblins
  7 kobolds
  8 rats
93 creatures vanquished.

Notes
Turn   | Place    | Note
--------------------------------------------------------------
     0 | D:1      | tyrsky the Gargoyle Earth Elementalist began the quest for the Orb.
     0 | D:1      | Reached XP level 1. HP: 10/10 MP: 3/3
   319 | D:1      | Reached XP level 2. HP: 12/15 MP: 1/5
   565 | D:1      | Reached skill level 4 in Earth Magic
   815 | D:2      | Reached XP level 3. HP: 19/19 MP: 5/7
  1842 | D:2      | Learned a level 3 spell: Stone Arrow
  1845 | D:2      | Reached XP level 4. HP: 24/24 MP: 6/8
  1890 | D:3      | Found an iron altar of Okawaru.
  1890 | D:3      | Found a glowing golden altar of the Shining One.
  1964 | D:3      | Reached skill level 1 in Conjurations
  1973 | D:3      | Reached skill level 5 in Earth Magic
  2099 | D:3      | Reached XP level 5. HP: 24/28 MP: 2/9
  2442 | D:4      | Noticed Duvessa
  2442 | D:4      | Noticed Dowan
  2481 | D:5      | Entered Level 5 of the Dungeon
  3252 | D:5      | Reached XP level 6. HP: 27/32 MP: 0/10
  3361 | D:4      | Reached skill level 6 in Earth Magic
  3551 | D:4      | Learned a level 5 spell: Lee's Rapid Deconstruction
  3790 | D:4      | Killed Dowan
  3790 | D:4      | Reached XP level 7. HP: 28/36 MP: 2/13
  3912 | D:4      | Killed Duvessa
  4132 | D:4      | Reached skill level 7 in Earth Magic
  4394 | D:5      | Reached skill level 5 in Spellcasting
  4640 | D:6      | Slain by a wyvern zombie

Skill      XL: |  1  2  3  4  5  6  7 |
---------------+----------------------+-----
Earth Magic    | 4 5 6 7 |  7.3
Spellcasting   | 3 4 5 |  5.2
Conjurations   | 1 3 |  3.5
Dodging        | |  1.5
Stealth        | |  2.1
Transmutations | |  0.7

Action                   |  1- 3 |  4- 6 |  7- 9 || total
-------------------------+-------+-------+-------++-------
Melee: Unarmed           |    18 |       |       ||    18
       Whip              |    11 |    29 |       ||    40
       Flail             |       |    10 |     2 ||    12
Throw: Stone             |     2 |       |       ||     2
 Cast: Sandblast         |    84 |    97 |    51 ||   232
       Stone Arrow       |       |    17 |    11 ||    28
  Use: Scroll            |       |    11 |     1 ||    12
  Eat: Chunk             |     3 |     5 |     2 ||    10
       Beef jerky        |       |     2 |       ||     2
Armor: Robe              |    25 |    45 |     9 ||    79
Dodge: Dodged            |    49 |    90 |    25 ||   164
